 Dungeon Crawl Stone Soup version 0.21-a0-476-gd103f4b (webtiles) character file.

22135 Laiders the Basher (level 12, 0/110 HPs)
             Began as a Minotaur Berserker on Nov 22, 2017.
             Was an Elder of Trog.
             Slain by a two-headed ogre
             ... wielding a +0 giant club
              (9 damage)
             ... on level 13 of the Dungeon.
             The game lasted 00:32:01 (12290 turns).

Laiders the Basher (Minotaur Berserker)            Turns: 12290, Time: 00:32:01

Health: 0/110      AC: 20    Str: 28    XL:     12   Next: 60%
Magic:  18/18      EV: 10    Int:  5    God:    Trog [****..]
Gold:   184        SH:  3    Dex: 15    Spells: 11/11 levels left

rFire    . . .     SeeInvis +   Q - +2 flail (freeze)
rCold    + . .     Gourm    .   O - +0 buckler (curse)
rNeg     . . .     Faith    .   A - +1 plate armour
rPois    .         Spirit   .   (helmet unavailable)
rElec    .         Reflect  .   t - scarf {repulsion}
rCorr    .         Harm     .   B - +1 pair of gloves
MR       ++...                  N - +0 pair of boots
Stlth    ..........             (no amulet)
HPRegen  1.28/turn              v - ring of protection from cold
MPRegen  0.16/turn              d - +5 ring of dexterity

@: berserk cooldown, regenerating, slowed, repel missiles, very slow
A: retaliatory headbutt, horns 3, see invisible, strong 1
a: Berserk, Trog's Hand, Brothers in Arms, Burn Spellbooks, Renounce Religion


You were on level 13 of the Dungeon.
You worshipped Trog.
Trog was greatly pleased with you.
You were hungry.

You visited 1 branch of the dungeon, and saw 13 of its levels.

You collected 719 gold pieces.
You spent 535 gold pieces at shops.

Inventory:

Hand Weapons
 P - a +4 morningstar
 Q - a +2 flail of freezing (weapon)
 V - a +2 flail of holy wrath
Missiles
 R - a throwing net (quivered)
Armour
 t - a scarf of repulsion (worn)
 A - a +1 plate armour (worn)
 B - a +1 pair of gloves (worn)
 N - a +0 pair of boots (worn)
 O - a cursed +0 buckler (worn)
Jewellery
 d - a +5 ring of dexterity (right hand)
 v - a ring of protection from cold (left hand)
 y - an uncursed ring of protection from cold
 C - an uncursed ring of resist corrosion
 I - an uncursed amulet of harm {unknown}
 U - an uncursed amulet of harm {unknown}
Wands
 a - a wand of scattershot (5)
 s - a wand of disintegration (41)
 z - a wand of clouds (4)
 E - a wand of paralysis (64)
 J - a wand of enslavement (5)
 M - a wand of flame (46)
Scrolls
 e - 4 scrolls of remove curse
 f - a scroll of blinking {unknown}
 g - 4 scrolls of enchant armour
 l - 9 scrolls of teleportation
 m - 6 scrolls of immolation
 p - 2 scrolls of magic mapping
 u - a scroll of noise {unknown}
 D - 2 scrolls of fear {unknown}
 G - a scroll of identify
 L - 2 scrolls of fog
 S - a scroll of silence {unknown}
 T - a scroll of enchant weapon {unknown}
Potions
 h - a potion of experience {unknown}
 i - a potion of haste
 j - 4 potions of mutation
 n - 2 potions of invisibility
 o - a potion of lignification {unknown}
 r - a potion of curing {unknown}
 w - a potion of ambrosia {unknown}
 x - 2 potions of agility
 F - a potion of might {unknown}
 H - a potion of berserk rage {unknown}
 K - a potion of heal wounds
 X - a potion of brilliance {unknown}
Comestibles
 b - 11 royal jellies
 c - 10 bread rations
 k - 11 fruits
 q - 6 meat rations
 W - 2 chunks of flesh


   Skills:
 + Level 11.4 Fighting
 - Level 14.0 Maces & Flails
 + Level 11.4 Armour
 + Level 5.7 Dodging
 - Level 10.1 Evocations


You had 11 spell levels left.
You didn't know any spells.

Dungeon Overview and Level Annotations

Branches:
Dungeon (13/15)            Temple (0/1) D:5            Lair (0/6) D:9
    Orc (0/2) D:9          Vaults (0/5) D:13

Altars:
Cheibriados
Dithmenos
Fedhas
Gozag
Kikubaaqudgha
Nemelex Xobeh
Okawaru
Qazlal
Trog
Wu Jian
Xom
Zin

Shops:
D:5 *   D:7 [


Innate Abilities, Weirdness & Mutations

You reflexively headbutt those who attack you in melee.
You have a pair of large horns on your head.
You have supernaturally acute eyesight. (SInv)
Your muscles are strong. (Str +2)


Message History

You feel a strong urge to attack something.
Found a scroll of remove curse.
You feel your anger nearly subside.
You are no longer berserk.
You are exhausted.
You feel yourself slow down.
Okay, then.
Evoke which item? (* to show all) (? for menu, Esc to quit)
Aiming: Paralyse (will waste charges)
Press: ? - help, Shift-Dir - straight line, f - two-headed ogre
Aim: a two-headed ogre, wielding two giant clubs (lightly wounded, chance to defeat MR: 55%)
The two-headed ogre resists with significant effort.
Evoke which item? (* to show all) (? for menu, Esc to quit)
Aiming: Paralyse (will waste charges)
Press: ? - help, Shift-Dir - straight line, f/p - two-headed ogre
Aim: a two-headed ogre, wielding two giant clubs (lightly wounded, chance to defeat MR: 55%)
The two-headed ogre resists with significant effort.
You block the two-headed ogre's attack.
The two-headed ogre hits you with a giant club!
You die...

#......# +......#
#......# .
########......# ..
............<.#####...
.......................
..........>............
...................?..
#.......)...O@.......
#.......)............
#......##...#.#.#....
#......#.............
#......#....###.#....
#......#.....∩ ......
#......#......# #....
#......#.#...... ....
####......# ......


You could see a two-headed ogre.

Vanquished Creatures
  Frances (D:13)
  An ogre mage (D:13)
  2 hydras
  3 two-headed ogres
  The ghost of Laiders the Basher, a novice MiBe of Trog (D:6)
  2 manticores (D:12)
  Maurice (D:13)
  A cyclops (D:12)
  An ugly thing (D:11)
  An elephant (D:9)
  2 trolls
  10 slime creatures (D:12)
  4 hippogriffs
  A hornet (D:9)
  A shadow (D:13)
  Sigmund (D:5)
  A water elemental (D:11)
  A wyvern (D:9)
  A human (D:10)
  4 hogs (D:10)
  12 yaks
  2 hungry ghosts (D:12)
  A basilisk (D:12)
  A steam dragon (D:11)
  Edmund (D:5)
  An acid dragon (D:12)
  A soldier ant (D:12)
  3 orc warriors
  2 black bears
  An ice beast (D:7)
  4 sky beasts
  7 ogres
  2 necrophages
  3 centaurs
  4 crocodiles
  Blork the orc (D:5)
  5 bullfrogs
  A gnoll sergeant (D:8)
  A wyvern zombie (D:9)
  4 scorpions
  4 killer bees (D:11)
  23 wights
  3 crimson imps
  2 bullfrog zombies
  5 hounds
  3 orc priests
  2 centaur skeletons
  2 centaur zombies
  2 gnoll shamans
  3 jellies
  6 orc wizards
  Jessica (D:3)
  7 iguanas
  Ijyb (D:3)
  Natasha (thrice) (D:2)
  9 worker ants
  A killer bee zombie (D:10)
  12 adders
  12 gnolls
  A howler monkey skeleton (D:5)
  4 shadow imps
  An ooze (D:1)
  An adder zombie (D:7)
  2 worms (D:2)
  A dart slug (D:4)
  3 leopard geckos
  27 orcs
  A ball python (D:3)
  7 bats
  A bat zombie (D:6)
  A giant cockroach (D:2)
  7 goblins
  9 hobgoblins
  7 jackals
  4 quokkas
  2 frilled lizards (D:1)
  6 kobolds
  5 rats
  A rat zombie (D:6)
289 creatures vanquished.

Vanquished Creatures (collateral kills)
  The ghost of Laiders the Basher, a journeyman MiBe of Trog (D:12)
  3 yaks (D:12)
  An orc (D:12)
5 creatures vanquished.

Vanquished Creatures (others)
  2 fungi (D:9)
2 creatures vanquished.

Grand Total: 296 creatures vanquished

Notes
Turn   | Place    | Note
-------+----------+-------------------------------------------
     0 | D:1      | Laiders the Minotaur Berserker began the quest for the Orb.
     0 | D:1      | Reached XP level 1. HP: 19/19 MP: 0/0
    99 | D:1      | Reached skill level 4 in Maces & Flails
   145 | D:1      | Reached XP level 2. HP: 21/26 MP: 1/1
   599 | D:2      | Reached skill level 5 in Maces & Flails
   622 | D:2      | Noticed Natasha
   630 | D:2      | Killed Natasha
   630 | D:2      | Reached XP level 3. HP: 21/31 MP: 2/2
   684 | D:2      | Reached ** piety under Trog
   804 | D:2      | Reached skill level 6 in Maces & Flails
   804 | D:2      | Reached XP level 4. HP: 39/39 MP: 3/3
   817 | D:2      | Found a faded altar of an unknown god.
  1002 | D:2      | Noticed Natasha
  1013 | D:2      | Killed Natasha
  1013 | D:2      | Reached skill level 7 in Maces & Flails
  1013 | D:2      | Reached XP level 5. HP: 4/45 MP: 4/4
  1397 | D:2      | Noticed Natasha
  1403 | D:2      | Killed Natasha
  1732 | D:3      | Noticed Ijyb
  1751 | D:3      | Killed Ijyb
  2026 | D:3      | Found a shadowy altar of Dithmenos.
  2027 | D:3      | Noticed Jessica
  2034 | D:3      | Killed Jessica
  2034 | D:3      | Reached skill level 8 in Maces & Flails
  2244 | D:4      | Reached XP level 6. HP: 42/51 MP: 5/5
  2661 | D:4      | Reached skill level 9 in Maces & Flails
  2665 | D:4      | Found a blossoming altar of Fedhas.
  2999 | D:4      | Reached XP level 7. HP: 52/57 MP: 6/6
  3274 | D:5      | Entered Level 5 of the Dungeon
  3459 | D:5      | Reached skill level 10 in Maces & Flails
  3469 | D:5      | Reached *** piety under Trog
  3486 | D:5      | Found a shimmering altar of Xom.
  3488 | D:5      | Noticed Edmund
  3504 | D:5      | Killed Edmund
  3676 | D:5      | Noticed Blork the orc
  3689 | D:5      | Killed Blork the orc
  3779 | D:5      | Found a sparkling altar of Nemelex Xobeh.
  3779 | D:5      | Found a snail-covered altar of Cheibriados.
  3790 | D:5      | Noticed Sigmund
  3801 | D:5      | Killed Sigmund
  3801 | D:5      | Reached skill level 11 in Maces & Flails
  3973 | D:5      | Found Qipsonugimp's Assorted Antiques.
  4008 | D:5      | Found a staircase to the Ecumenical Temple.
  4306 | D:6      | Reached XP level 8. HP: 64/64 MP: 7/7
  4366 | D:6      | Found a glowing silver altar of Zin.
  4475 | D:6      | Noticed Laiders's ghost (novice MiBe)
  4485 | D:6      | Killed Laiders's ghost
  4485 | D:6      | Reached skill level 13 in Maces & Flails
  4599 | D:6      | Found an ancient bone altar of Kikubaaqudgha.
  5071 | D:7      | Found Wonauceam's Antique Armour Shop.
  5073 | D:7      | Found a shimmering altar of Xom.
  5140 | D:7      | Reached XP level 9. HP: 50/70 MP: 8/8
  5182 | D:7      | Reached skill level 14 in Maces & Flails
  5628 | D:7      | Reached skill level 1 in Evocations
  5698 | D:7      | Found a stormy altar of Qazlal.
  5744 | D:7      | Found an ornate altar of the Wu Jian Council.
  5949 | D:7      | Reached **** piety under Trog
  6201 | D:7      | Found a bloodstained altar of Trog.
  6300 | D:8      | Reached skill level 5 in Fighting
  6523 | D:8      | Found an opulent altar of Gozag.
  6870 | D:8      | Reached skill level 5 in Armour
  7239 | D:5      | Bought a sapphire great mace for 287 gold pieces
  7245 | D:5      | Identified the +0 great mace of Joyful Slaughter {chaos, rC- Int+4 Dex+3} (You bought it in a shop on level 5 of the Dungeon)
  7409 | D:9      | Noticed a two-headed ogre
  7417 | D:9      | Killed a two-headed ogre
  7417 | D:9      | Reached XP level 10. HP: 77/83 MP: 10/12
  7444 | D:9      | Found a staircase to the Lair.
  7467 | D:9      | Noticed an elephant
  7489 | D:9      | Killed an elephant
  7535 | D:9      | Reached skill level 5 in Evocations
  7612 | D:9      | Found an iron altar of Okawaru.
  7721 | D:9      | Found a staircase to the Orcish Mines.
  8047 | D:9      | Found a blossoming altar of Fedhas.
  8165 | D:10     | Entered Level 10 of the Dungeon
  8635 | D:10     | Gained mutation: You have supernaturally acute eyesight. (SInv) [potion of mutation]
  8635 | D:10     | Gained mutation: Your muscles are strong. (Str +2) [potion of mutation]
  8635 | D:10     | Gained mutation: You have a pair of large horns on your head. [potion of mutation]
  9095 | D:11     | Noticed a four-headed hydra
  9103 | D:10     | Killed a four-headed hydra
  9103 | D:10     | Reached XP level 11. HP: 96/96 MP: 14/14
  9335 | D:11     | Noticed a two-headed ogre
  9344 | D:11     | Killed a two-headed ogre
  9524 | D:11     | Reached skill level 10 in Fighting
  9583 | D:11     | Noticed a green ugly thing
  9594 | D:11     | Killed a green ugly thing
  9633 | D:11     | Reached ***** piety under Trog
  9633 | D:11     | Reached skill level 10 in Armour
 10206 | D:7      | Bought a glowing scarf for 248 gold pieces
 11008 | D:12     | Noticed Laiders's ghost (journeyman MiBe)
 11028 | D:12     | Killed Laiders's ghost
 11415 | D:12     | Reached skill level 10 in Evocations
 11415 | D:12     | Reached XP level 12. HP: 106/106 MP: 18/18
 12000 | D:13     | Noticed Frances
 12015 | D:13     | Killed Frances
 12061 | D:13     | Noticed a seven-headed hydra
 12074 | D:13     | Killed a seven-headed hydra
 12074 | D:13     | Reached skill level 5 in Dodging
 12233 | D:13     | Noticed Maurice
 12242 | D:13     | Killed Maurice
 12266 | D:13     | Found a gate to the Vaults.
 12266 | D:13     | Noticed a two-headed ogre
 12266 | D:13     | Noticed a two-headed ogre
 12268 | D:13     | Noticed an ogre mage
 12275 | D:13     | Killed a two-headed ogre
 12280 | D:13     | Killed an ogre mage
 12282 | D:13     | HP: 2/165 [two-headed ogre/giant club (13)]
 12290 | D:13     | Slain by a two-headed ogre

Vault maps used:
D:1:      eino_arrival_tree_alley
D:2:      chequers_ecumenical_altar_island, uniq_natasha
D:3:      lemuel_tele_altar, uniq_jessica, uniq_ijyb
D:4:      fedhas_altar_fruit_tree, grunt_decor_arrowhead
D:5:      xom_teletrap_fun, chequers_temple_overflow_statue_of_worship,
          minmay_temple_entry_metal_lava, first_bread, serial_shops,
          nicolae_shop_trees, minmay_crystal_water, minmay_splitting_lines,
          uniq_sigmund, uniq_blork_the_orc, uniq_edmund
D:6:      kennysheep_mini, lemuel_zombie_altar_kikubaaqudgha
D:7:      lightli_temple_of_fire, nicolae_overflow_crystal_walls,
          marbit_many_paths, serial_shops, shop, basic_altar
D:8:      lemuel_doored_altar
D:9:      okawaru_gym_becter, david_lair_generic, orc_0_dummy, basic_altar
D:10:     grunt_livestock
D:11:     water_maze_lemuel
D:13:     david_vaults_2, uniq_urug, uniq_frances, uniq_maurice

Skill      XL: |  1  2  3  4  5  6  7  8  9 10 11 12 |
---------------+-------------------------------------+-----
Maces & Flails | 4 5 6 7 8 9 11 13 14 | 14.0
Fighting       | 6 9 10 11 | 11.4
Armour         | 6 8 10 11 | 11.4
Evocations     | 4 6 10 | 10.1
Dodging        | 5 |  5.7

Action                   |  1- 3 |  4- 6 |  7- 9 | 10-12 || total
-------------------------+-------+-------+-------+-------++-------
Melee: Mace              |    65 |   114 |    12 |       ||   191
       Headbutt          |     7 |    13 |    57 |   124 ||   201
       Flail             |       |       |   253 |   431 ||   684
Invok: Berserk           |       |     4 |     5 |     8 ||    17
       Trog's Hand       |       |     3 |     5 |     8 ||    16
       Burn Spellbooks   |       |       |     2 |     2 ||     4
       Brothers in Arms  |       |       |       |     3 ||     3
Evoke: Wand              |       |       |       |     2 ||     2
  Use: Scroll            |       |     2 |     8 |     5 ||    15
       Potion            |       |       |       |     4 ||     4
  Eat: Chunk             |       |    11 |    20 |    25 ||    56
       Royal jelly       |       |       |       |     1 ||     1
       Fruit             |       |       |       |     3 ||     3
Armor: Animal skin       |     8 |       |       |       ||     8
       Ring mail         |    13 |    35 |       |       ||    48
       Chain mail        |       |    21 |       |       ||    21
       Plate armour      |       |       |   136 |   344 ||   480
Dodge: Dodged            |    53 |    99 |    97 |   190 ||   439
       Deflected         |       |       |       |     4 ||     4
Block: Buckler           |       |       |     2 |    59 ||    61

Table legend:
 A = Spawn XP
 B = Non-spawn XP
 C = Spawn XP percentage of total XP
 D = Spawn monster count
 E = Non-spawn monster count
 F = Spawn count percentage of total count
 G = Total turns spent on level
                    A         B        C        D         E        F      G
               +---------+---------+-------+---------+---------+-------+---------
         Total |       0 |   31622 |   0.0 |       0 |     294 |   0.0 | 12290
               +---------+---------+-------+---------+---------+-------+---------
           D:1 |       0 |      29 |   0.0 |       0 |      15 |   0.0 |   584
           D:2 |       0 |     235 |   0.0 |       0 |      34 |   0.0 |  1049
           D:3 |       0 |     112 |   0.0 |       0 |      10 |   0.0 |   603
           D:4 |       0 |     357 |   0.0 |       0 |      11 |   0.0 |  1038
           D:5 |       0 |     691 |   0.0 |       0 |      18 |   0.0 |  1074
           D:6 |       0 |    1008 |   0.0 |       0 |      19 |   0.0 |   685
           D:7 |       0 |    1398 |   0.0 |       0 |      25 |   0.0 |  1451
           D:8 |       0 |    1322 |   0.0 |       0 |      24 |   0.0 |   924
           D:9 |       0 |    3421 |   0.0 |       0 |      26 |   0.0 |   848
          D:10 |       0 |    2810 |   0.0 |       0 |      14 |   0.0 |  1030
          D:11 |       0 |    4919 |   0.0 |       0 |      40 |   0.0 |  1022
          D:12 |       0 |    9360 |   0.0 |       0 |      51 |   0.0 |  1669
          D:13 |       0 |    5960 |   0.0 |       0 |       7 |   0.0 |   313
               +---------+---------+-------+---------+---------+-------+---------
